 Dungeon Crawl Stone Soup version 0.31-a0-984-gbfb7dba898 (webtiles) character file.

Game seed: 6003088430635614756

243 Gargoyl the Trooper (level 6, -3/39 HPs)
             Began as a Gargoyle Berserker on Nov 3, 2023.
             Was a Believer of Trog.
             Slain by Sigmund
             ... wielding a +1 heavy scythe
              (20 damage)
             ... on level 4 of the Dungeon.
             The game lasted 00:02:46 (2295 turns).

Gargoyl the Trooper (Gargoyle Berserker)            Turns: 2295, Time: 00:02:46

Health: -3/39      AC:  6    Str: 21    XL:     6   Next: 9%
Magic:  6/6        EV: 12    Int:  7    God:    Trog [**....]
Gold:   181        SH:  0    Dex: 11    Spells: 5/5 levels left

rFire   . . .        a - +0 hand axe
rCold   . . .        (no shield)
rNeg    + . .        b - +0 animal skin
rPois   ∞            (no helmet)
rElec   +            (no cloak)
rCorr   .            (no gloves)
SInv    .            (no boots)
Will    .....        (no amulet)
Stlth   ++           (no ring)
HPRegen 0.26/turn    (no ring)
MPRegen 0.10/turn

%: no passive effects
@: on berserk cooldown, slowed, very slow
A: sickness immunity, AC +4, negative energy resistance 1, electricity
resistance, torment resistance 1, petrification resistance
a: Renounce Religion, Berserk, Trog's Hand


You were on level 4 of the Dungeon.
You worshipped Trog.
Trog was pleased with you.
You visited 1 branch of the dungeon, and saw 4 of its levels.

You collected 181 gold pieces.

Inventory:

Hand Weapons
 a - a +0 hand axe (weapon)
Missiles
 i - 4 curare-tipped darts (quivered)
Armour
 b - a +0 animal skin (worn)
Jewellery
 j - a ring of flight
Scrolls
 e - a scroll of enchant armour {unknown}
 f - 3 scrolls of teleportation {unknown}
 g - a scroll of enchant weapon {unknown}
 h - a scroll of immolation
Potions
 c - a potion of curing {unknown}
 d - a potion of berserk rage {unknown}
 k - a potion of lignification {unknown}
 l - a potion of invisibility {unknown}


   Skills:
 + Level 4.7 Fighting
 + Level 4.6 Axes
 + Level 2.3 Armour
 + Level 2.2 Dodging
 + Level 2.0 Stealth


You had 5 spell levels left.
You didn't know any spells.
Your spell library was empty.

Dungeon Overview and Level Annotations

Branches:
Dungeon (4/15)
 Temple: D:4-7

Altars:
Hepliaklqana
Qazlal

Shops:
D:1 [

Annotations:
D:4 Sigmund


Innate Abilities, Weirdness & Mutations

You are immune to sickness and miasma.
Your stone body is resilient. (AC +4)
You are immune to poison.
You resist negative energy. (rN+)
You are resistant to electric shocks. (rElec)
You are resistant to unholy torment.
You are immune to petrification.


Message History

You start resting.
You feel yourself speed up.
There is a stone staircase leading down here.
You start resting.
You recover from your berserk rage.
You start resting.
HP restored.
You climb downwards.
Level annotation: Sigmund Sigmund hits you from afar with a +1 heavy scythe!
The goblin hits you with a +0 club.
There is a stone staircase leading up here.
A red film seems to cover your vision as you go berserk!
You feel yourself moving faster!
You feel mighty! The goblin hits you but does no damage.
You feel a strong urge to attack something.
The goblin attacks as it pursues you! The goblin closely misses you.
Sigmund casts a spell.
Sigmund flickers and vanishes!
Deactivating autopickup; reactivate with Ctrl-A.
You feel your anger nearly subside.
You are no longer berserk.
You are exhausted.
You feel yourself slow down. The goblin hits you with a +0 club.
You hear some strange, mumbled words.
A magic dart appears from out of thin air!
The magic dart hits you.
Unknown command.
You hit something but do no damage. Your punch misses something.
You hit the goblin. The goblin hits you but does no damage.
Something hits you but does no damage. The goblin barely misses you.
You closely miss something. You hit the goblin but do no damage.
The goblin barely misses you.
You hear some strange, mumbled words.
A magic dart appears from out of thin air!
The magic dart hits you but does no damage.
Unknown command.
You miss something. You barely miss the goblin. The goblin misses you.
Something hits you!!
Ouch! That really hurt!
You die...

....[# ....#
#...## .... .#
#... ... #..#
....##..#
.......<########
.......g@{......
....<.#.########
.....##.# .....
... .../ ...##
.#. ###.# #. #.#
..# ###


You could see a goblin.

Vanquished Creatures
  A jelly (D:3)
  2 orc priests (D:3)
  2 hounds (D:3)
  2 adders (D:2)
  3 worms (D:2)
  2 dart slugs
  4 orcs (D:3)
  6 endoplasms
  4 giant cockroaches
  7 goblins
  5 hobgoblins
  3 jackals (D:3)
  A quokka (D:2)
  4 ball pythons
  6 bats
  A frilled lizard (D:1)
  9 kobolds
  5 rats
67 creatures vanquished.

Notes
Turn   | Place    | Note
-------+----------+-------------------------------------------
     0 | D:1      | Gargoyl the Gargoyle Berserker began the quest for the Orb.
     0 | D:1      | Reached XP level 1. HP: 14/14 MP: 1/1
    66 | D:1      | Found Nyexzeng's Antique Armour Shoppe.
   152 | D:1      | Reached XP level 2. HP: 16/19 MP: 2/2
   574 | D:1      | Reached XP level 3. HP: 21/24 MP: 3/3
   851 | D:2      | Reached ** piety under Trog
   855 | D:2      | Reached skill level 1 in Stealth
  1065 | D:2      | Reached XP level 4. HP: 29/29 MP: 4/4
  1222 | D:2      | Found a stormy altar of Qazlal.
  1835 | D:3      | Reached XP level 5. HP: 34/34 MP: 5/5
  1907 | D:3      | Found a hazy altar of Hepliaklqana.
  2224 | D:4      | Noticed Sigmund
  2247 | D:3      | Reached XP level 6. HP: 38/39 MP: 6/6
  2295 | D:4      | Slain by Sigmund

Illustrated notes

Levels and vault maps discovered:
D:1:      kennysheep_arrival_seaside, layout_basic, serial_shops, shop
D:2:      layout_basic, basic_altar, minivault_25
D:3:      layout_rooms, worldfamousw_hep_ancestral_shrine,
          mrwooster_statue_mirror, serial_park_tiny_2, kennysheep_orc_chapel
D:4:      layout_loops_ring, uniq_sigmund

Skill      XL: |  1  2  3  4  5 |
---------------+----------------+-----
Axes           | 3 4 |  4.6
Fighting       | 4 |  4.7
Stealth        | 1 2 |  2.0
Dodging        | 2 |  2.2
Armour         | |  2.3

Action                     |  1- 3 |  4- 6 || total
---------------------------+-------+-------++-------
  Melee: Hand axe          |    97 |    78 ||   175
         Punch             |     1 |     2 ||     3
 Invoke: Berserk           |     2 |     3 ||     5
    Use: Scroll            |     4 |       ||     4
   Stab: Distracted        |     1 |       ||     1
         Sleeping          |       |     1 ||     1
 Armour: Animal skin       |    62 |    85 ||   147
  Dodge: Dodged            |    69 |    66 ||   135

Table legend: (Time is in decaauts)
 A = Elapsed time spent in this place.
 B = Non-inter-level travel time spent in this place.
 C = Inter-level travel time spent in this place.
 D = Time resting spent in this place.
 E = Time spent auto-exploring this place.
 F = Levels seen in this place.
 G = Mean time per level.
                   A        B        C        D        E       F      G
               +--------+--------+--------+--------+--------+-----+--------+
         Total |   2367 |   2251 |    116 |     46 |   1638 |   4 |  591.8 |
       Dungeon |   2367 |   2251 |    116 |     46 |   1638 |   4 |  591.8 |
               +--------+--------+--------+--------+--------+-----+--------+

Top non-repeatable levels by time:
     D:2: 852 daAuts
     D:1: 850 daAuts
     D:3: 648 daAuts
     D:4: 15 daAuts
